APP
BALTIMORE (APP) ORIOLES @ PULASKI YANKEES
08/01/2045
 
TOP OF THE 1ST
Baltimore (APP) Orioles batting - Pitching for Pulaski Yankees : LHP Matt Cusatis
Pitching: LHP Matt Cusatis
Batting: RHB Ben Sutton 0-0: Ball
1-0: Ball
2-0: Ball
3-0: Called Strike
3-1: Foul Ball, location: 2F
3-2: Foul Ball, location: 2F
3-2: Base on Balls
Batting: RHB Mike Zepeda 0-0: Called Strike
0-1: Called Strike
0-2: Ball
1-2: Ball
Wild Pitch!
Ben Sutton to second
2-2: Foul Ball, location: 2F
2-2: Foul Ball, location: 2F
2-2: Ball
3-2: Foul Ball, location: 2F
3-2: Base on Balls
Batting: RHB Daniel Jackson 0-0: Ball
1-0: Ball
2-0: Ball
3-0: Base on Balls
Ben Sutton to third
Mike Zepeda to second
Pitching: RHP Manny de la Cruz
Batting: RHB Danny Baeza 0-0: Ball
1-0: Called Strike
1-1: Ball
2-1: SINGLE (Groundball, 6MD, EV 96.9 MPH)
Ben Sutton scores
Mike Zepeda to third
Daniel Jackson to second
Runner from 3rd tries for Home, SAFE, throw by CF to home
Batting: RHB Matt O'Dea 0-0: Ball
1-0: Called Strike
1-1: Foul Ball, location: 2F
1-2: Ball
2-2: Foul Ball, location: 2F
2-2: 3-RUN HOME RUN (Flyball, 78XD, EV 104.4 MPH), Distance : 420 ft
Batting: RHB Honório Szenes 0-0: Ball
1-0: Ball
2-0: Foul Ball, location: 2F
2-1: Ball
3-1: Base on Balls
Batting: LHB Ralph Braine 0-0: Ball
1-0: Swinging Strike
1-1: Ball
2-1: Ball
3-1: Base on Balls
Honório Szenes to second
Pitching: RHP Eric Patrick
Batting: RHB Matt Berrier 0-0: Called Strike
0-1: Ball
1-1: Ball
2-1: Foul Ball, location: 2F
2-2: SINGLE (Line Drive, 34, EV 96.2 MPH)
Honório Szenes to third
Ralph Braine to second
Batting: RHB Roberto Sotelo 0-0: Swinging Strike
0-1: Ball
1-1: Swinging Strike
1-2: Ball
2-2: Ball
3-2: Base on Balls
Honório Szenes scores
Ralph Braine to third
Matt Berrier to second
Batting: RHB Ben Sutton 0-0: Ball
1-0: Swinging Strike
1-1: Ball
2-1: Ball
Wild Pitch!
Ralph Braine scores
Matt Berrier to third
Roberto Sotelo to second
3-1: Ground out U3 (Groundball, 3S, EV 87.5 MPH)
Batting: RHB Mike Zepeda 0-0: Called Strike
0-1: Swinging Strike
0-2: Ball
1-2: Ball
2-2: Strikes out swinging
Pitching: RHP Alex Roman
Batting: RHB Daniel Jackson 0-0: Foul Ball, location: 2F
0-1: Called Strike
0-2: Foul Ball, location: 2F
0-2: Ball
1-2: DOUBLE (Line Drive, 9LD, EV 106.9 MPH)
Matt Berrier scores
Roberto Sotelo scores
Batting: RHB Danny Baeza 0-0: Ball
1-0: Ground out 6-3 (Groundball, 6, EV 82.5 MPH)
Top of the 1st over - 9 runs, 4 hits, 0 errors, 1 left on base; Baltimore (APP) 9 - Pulaski 0
BOTTOM OF THE 1ST
Pulaski Yankees batting - Pitching for Baltimore (APP) Orioles : RHP Jun-seok Pak
Pitching: RHP Jun-seok Pak
Batting: SHB David Stewart 0-0: Called Strike
0-1: Called Strike
0-2: Foul Ball, location: 2F
0-2: Fly out, F8 (Line Drive, 8RM, EV 96.9 MPH)
Batting: LHB Jeremiah Walker 0-0: Ball
1-0: SINGLE (Line Drive, 7S, EV 105.6 MPH)
Batting: SHB Ryan Buchbinder 0-0: Called Strike
0-1: Called Strike
0-2: Ball
1-2: Ball
2-2: Strikes out swinging
Batting: RHB Nazeeh Zubair 0-0: Ball
1-0: Swinging Strike
1-1: Ball
2-1: Called Strike
2-2: Ball
3-2: Base on Balls
Jeremiah Walker to second
Batting: RHB Larry Martell 0-0: Called Strike
0-1: Ball
1-1: Ball
Wild Pitch!
Jeremiah Walker to third
Nazeeh Zubair to second
2-1: Ball
Wild Pitch!
Jeremiah Walker scores
Nazeeh Zubair to third
3-1: Foul Ball, location: 2F
3-2: Foul Ball, location: 2F
3-2: Strikes out swinging
Bottom of the 1st over - 1 run, 1 hit, 0 errors, 1 left on base; Baltimore (APP) 9 - Pulaski 1
TOP OF THE 2ND
Baltimore (APP) Orioles batting - Pitching for Pulaski Yankees : RHP Alex Roman
Batting: RHB Matt O'Dea 0-0: Called Strike
0-1: Ball
1-1: Ball
2-1: Ball
3-1: Base on Balls
Batting: RHB Honório Szenes 0-0: Ball
1-0: Ball
2-0: Ball
3-0: Base on Balls
Matt O'Dea to second
Batting: LHB Ralph Braine 0-0: Ball
1-0: Ball
2-0: Ball
3-0: Base on Balls
Matt O'Dea to third
Honório Szenes to second
Batting: RHB Matt Berrier 0-0: SINGLE (Groundball, 56D, EV 100.6 MPH)
Matt O'Dea scores
Honório Szenes to third
Ralph Braine to second
Batting: RHB Roberto Sotelo 0-0: Called Strike
0-1: Called Strike
0-2: Single, Error in OF, E9, batter to second base (Groundball, 34D, EV 95.0 MPH)
Honório Szenes scores
Ralph Braine scores
Matt Berrier to third
Pitching: RHP Frank Medrano
Batting: RHB Ben Sutton 0-0: Ball
1-0: Fly out, F7 (Flyball, 8LS, EV 96.9 MPH)
Batting: RHB Mike Zepeda 0-0: Foul Ball, location: 2F
0-1: Ball
1-1: Foul Ball, location: 2F
1-2: Ball
2-2: Ball
3-2: Hit by Pitch
Batting: RHB Daniel Jackson 0-0: Ball
1-0: Called Strike
1-1: Ball
2-1: Ball
3-1: Base on Balls
Matt Berrier scores
Roberto Sotelo to third
Mike Zepeda to second
Batting: RHB Danny Baeza 0-0: Ball
1-0: Ball
2-0: Called Strike
2-1: Ball
3-1: Called Strike
3-2: Base on Balls
Roberto Sotelo scores
Mike Zepeda to third
Daniel Jackson to second
Batting: RHB Matt O'Dea 0-0: Grounds into double play, 6-4-3 (Groundball, 6, EV 82.5 MPH)
Top of the 2nd over - 5 runs, 2 hits, 1 error, 2 left on base; Baltimore (APP) 14 - Pulaski 1
BOTTOM OF THE 2ND
Pulaski Yankees batting - Pitching for Baltimore (APP) Orioles : RHP Jun-seok Pak
Batting: RHB Ben Jennings 0-0: Fly out, F7 (Flyball, 7LD, EV 90.6 MPH)
Batting: RHB Matt Bindel 0-0: Ball
1-0: Ball
2-0: Ball
3-0: Called Strike
3-1: Foul Ball, location: 2F
3-2: Strikes out swinging
Batting: SHB Houston Phillips 0-0: Called Strike
0-1: Ball
1-1: Ball
2-1: Fly out, F6 (Popup, 6S, EV 83.8 MPH)
Bottom of the 2nd over - 0 runs, 0 hits, 0 errors, 0 left on base; Baltimore (APP) 14 - Pulaski 1
TOP OF THE 3RD
Baltimore (APP) Orioles batting - Pitching for Pulaski Yankees : RHP Frank Medrano
Pitching: LHP Sergio Huerta
Batting: RHB Honório Szenes 0-0: Ball
1-0: Called Strike
1-1: Ground out 5-3 (Groundball, 5, EV 108.1 MPH)
Batting: LHB Ralph Braine 0-0: Ball
1-0: SINGLE (Popup, 56D, EV 50.0 MPH)
Batting: RHB Matt Berrier 0-0: Ball
1-0: Ball
Wild Pitch!
Ralph Braine to second
2-0: Swinging Strike
2-1: Foul Ball, location: 2F
2-2: Foul Ball, location: 2F
2-2: Ball
3-2: Base on Balls
Batting: RHB Roberto Sotelo 0-0: Ball
1-0: Swinging Strike
1-1: Ball
2-1: Ball
3-1: Base on Balls
Ralph Braine to third
Matt Berrier to second
Batting: RHB Ben Sutton 0-0: Ball
1-0: Ball
2-0: Ball
3-0: Called Strike
3-1: Called Strike
3-2: Foul Ball, location: 2F
3-2: Base on Balls
Ralph Braine scores
Matt Berrier to third
Roberto Sotelo to second
Pitching: LHP Alex Ramirez
Batting: RHB Mike Zepeda 0-0: Ball
1-0: Ball
2-0: Ball
Wild Pitch!
Matt Berrier scores
Roberto Sotelo to third
Ben Sutton to second
3-0: Base on Balls
Batting: RHB Daniel Jackson 0-0: Fielders Choice at 2nd, 4-6 (Groundball, 4M, EV 83.1 MPH)
Roberto Sotelo scores
Ben Sutton to third
Batting: RHB Danny Baeza 0-0: Swinging Strike
0-1: Ball
1-1: Ball
2-1: Ball
3-1: 3-RUN HOME RUN (Flyball, 7D, EV 98.1 MPH), Distance : 403 ft
Batting: RHB Matt O'Dea 0-0: Swinging Strike
0-1: Ball
1-1: Foul Ball, location: 2F
1-2: DOUBLE (Flyball, 8LXD, EV 101.9 MPH)
Batting: RHB Honório Szenes 0-0: Ball
1-0: Ball
2-0: Ball
3-0: Base on Balls
Pitching: LHP Jessie Neal
Batting: LHB Ralph Braine 0-0: Ball
1-0: Foul Ball, location: 2F
1-1: Foul Ball, location: 2F
1-2: Ball
2-2: Ball
3-2: Base on Balls
Matt O'Dea to third
Honório Szenes to second
Batting: RHB Matt Berrier 0-0: Ball
1-0: Ball
2-0: Called Strike
2-1: Ball
3-1: Base on Balls
Matt O'Dea scores
Honório Szenes to third
Ralph Braine to second
Batting: RHB Roberto Sotelo 0-0: Called Strike
0-1: Called Strike
0-2: Ball
1-2: Ball
2-2: Foul Ball, location: 2F
2-2: Ball
3-2: Base on Balls
Honório Szenes scores
Ralph Braine to third
Matt Berrier to second
Batting: RHB Ben Sutton 0-0: DOUBLE (Line Drive, 7LD, EV 110.6 MPH)
Ralph Braine scores
Matt Berrier scores
Roberto Sotelo to third
Batting: RHB Mike Zepeda 0-0: Ball
1-0: Ball
2-0: Ball
3-0: Base on Balls
Batting: RHB Daniel Jackson 0-0: Ball
1-0: Foul Ball, location: 2F
1-1: Swinging Strike
1-2: Foul Ball, location: 2F
1-2: Fielders Choice at 2nd, 6-4 (Groundball, 6, EV 85.0 MPH)
Top of the 3rd over - 10 runs, 4 hits, 0 errors, 3 left on base; Baltimore (APP) 24 - Pulaski 1
BOTTOM OF THE 3RD
Pulaski Yankees batting - Pitching for Baltimore (APP) Orioles : RHP Jun-seok Pak
Batting: SHB Bret Davies 0-0: Ball
1-0: Called Strike
1-1: SINGLE (Groundball, 34D, EV 106.9 MPH)
Batting: SHB David Stewart 0-0: Foul Ball, location: 2F
0-1: Swinging Strike
0-2: Ball
1-2: Foul Ball, location: 2F
1-2: Hit by Pitch
Bret Davies to second
Batting: LHB Jeremiah Walker 0-0: Called Strike
0-1: Ball
1-1: Fly out, F5 (Popup, 56, EV 63.1 MPH)
Batting: SHB Ryan Buchbinder 0-0: Called Strike
0-1: Foul Ball, location: 2F
0-2: SINGLE (Line Drive, 34, EV 105.0 MPH)
Bret Davies to third
David Stewart to second
Batting: RHB Nazeeh Zubair 0-0: Called Strike
0-1: Ball
1-1: Foul Ball, location: 2F
1-2: SINGLE (Groundball, 56D, EV 94.4 MPH)
Bret Davies scores
David Stewart to third
Ryan Buchbinder to second
Runner from 3rd tries for Home, SAFE, throw by LF to home
Ryan Buchbinder to third
Nazeeh Zubair to second
Batting: RHB Larry Martell 0-0: Ball
1-0: Called Strike
1-1: 3-RUN HOME RUN (Flyball, 9LD, EV 95.6 MPH), Distance : 355 ft
Pitching: RHP Frank Caillouet
Batting: RHB Ben Jennings 0-0: Foul Ball, location: 2F
0-1: Ball
1-1: Ball
2-1: Ball
3-1: Base on Balls
Batting: RHB Matt Bindel 0-0: Called Strike
0-1: Called Strike
Ben Jennings steals 2nd base
0-2: Foul Ball, location: 2F
0-2: Strikes out looking
Batting: SHB Houston Phillips 0-0: Ball
1-0: Swinging Strike
1-1: Called Strike
1-2: Strikes out swinging
Bottom of the 3rd over - 5 runs, 4 hits, 0 errors, 1 left on base; Baltimore (APP) 24 - Pulaski 6
TOP OF THE 4TH
Baltimore (APP) Orioles batting - Pitching for Pulaski Yankees : LHP Jessie Neal
Batting: RHB Danny Baeza 0-0: Ball
1-0: Foul Ball, location: 2F
1-1: Ball
2-1: Ground out 6-3 (Groundball, 4MS, EV 85.6 MPH)
Batting: RHB Matt O'Dea 0-0: Called Strike
0-1: Ball
1-1: Ball
2-1: Ball
3-1: Foul Ball, location: 2F
3-2: Base on Balls
Batting: RHB Honório Szenes 0-0: Swinging Strike
0-1: Ball
1-1: Foul Ball, location: 2F
1-2: Foul Ball, location: 2F
1-2: Foul Ball, location: 2F
1-2: Strikes out looking
Batting: LHB Ralph Braine 0-0: Swinging Strike
0-1: Ball
1-1: Ball
2-1: Ball
3-1: Called Strike
3-2: Foul Ball, location: 2F
3-2: Base on Balls
Matt O'Dea to second
Batting: RHB Matt Berrier 0-0: Ball
Wild Pitch!
Matt O'Dea to third
Ralph Braine to second
1-0: Swinging Strike
1-1: Foul Ball, location: 2F
1-2: Ball
2-2: Foul Ball, location: 2F
2-2: Strikes out swinging
Top of the 4th over - 0 runs, 0 hits, 0 errors, 2 left on base; Baltimore (APP) 24 - Pulaski 6
BOTTOM OF THE 4TH
Pulaski Yankees batting - Pitching for Baltimore (APP) Orioles : RHP Frank Caillouet
Batting: SHB Bret Davies 0-0: Ball
1-0: Swinging Strike
1-1: Called Strike
1-2: Strikes out swinging
Batting: SHB David Stewart 0-0: Ball
1-0: Swinging Strike
1-1: Foul Ball, location: 2F
1-2: Strikes out swinging
Batting: LHB Jeremiah Walker 0-0: Called Strike
0-1: Ball
1-1: Ball
2-1: Ball
3-1: Foul Ball, location: 2F
3-2: Foul Ball, location: 2F
3-2: Foul Ball, location: 2F
3-2: Strikes out swinging
Bottom of the 4th over - 0 runs, 0 hits, 0 errors, 0 left on base; Baltimore (APP) 24 - Pulaski 6
TOP OF THE 5TH
Baltimore (APP) Orioles batting - Pitching for Pulaski Yankees : LHP Jessie Neal
Batting: RHB Roberto Sotelo 0-0: Ball
1-0: Foul Ball, location: 2F
1-1: Ball
2-1: Ball
3-1: Base on Balls
Batting: RHB Ben Sutton 0-0: Ball
1-0: Ball
2-0: Ball
3-0: Called Strike
3-1: Base on Balls
Roberto Sotelo to second
Batting: RHB Mike Zepeda 0-0: Ball
1-0: Ball
2-0: Ball
Wild Pitch!
Roberto Sotelo to third
Ben Sutton to second
3-0: Base on Balls
Batting: RHB Daniel Jackson 0-0: Ball
1-0: Called Strike
1-1: Foul Ball, location: 2F
1-2: Ball
2-2: Foul Ball, location: 2F
2-2: Ball
3-2: Base on Balls
Roberto Sotelo scores
Ben Sutton to third
Mike Zepeda to second
Batting: RHB Danny Baeza 0-0: Fielders Choice at 2nd, 4-6 (Groundball, 4, EV 95.0 MPH)
Ben Sutton scores
Mike Zepeda to third
Batting: RHB Matt O'Dea 0-0: Called Strike
0-1: Ball
1-1: Ball
2-1: DOUBLE (Flyball, 89XD, EV 110.6 MPH)
Mike Zepeda scores
Danny Baeza to third
Runner from 3rd tries for Home, SAFE, no throw by RF
Batting: RHB Honório Szenes 0-0: Foul Ball, location: 2F
0-1: SINGLE (Groundball, 6M, EV 103.8 MPH) (infield hit)
Matt O'Dea to third
Batting: LHB Ralph Braine 0-0: Fielders Choice at 2nd, 6-4 (Groundball, 6, EV 110.0 MPH)
Matt O'Dea scores
Batting: RHB Matt Berrier 0-0: Fly out, F6 (Popup, 6S, EV 86.9 MPH)
Top of the 5th over - 5 runs, 2 hits, 0 errors, 1 left on base; Baltimore (APP) 29 - Pulaski 6
BOTTOM OF THE 5TH
Pulaski Yankees batting - Pitching for Baltimore (APP) Orioles : RHP Frank Caillouet
Batting: SHB Ryan Buchbinder 0-0: Ball
1-0: Called Strike
1-1: Ground out 6-3 (Groundball, 6, EV 100.0 MPH)
Batting: RHB Nazeeh Zubair 0-0: Ball
1-0: Ball
2-0: Ball
3-0: Called Strike
3-1: Ground out 6-3 (Groundball, 6, EV 86.2 MPH)
Batting: RHB Larry Martell 0-0: Called Strike
0-1: Ball
1-1: Foul Ball, location: 2F
1-2: Foul Ball, location: 2F
1-2: Ball
2-2: Strikes out swinging
Bottom of the 5th over - 0 runs, 0 hits, 0 errors, 0 left on base; Baltimore (APP) 29 - Pulaski 6
TOP OF THE 6TH
Baltimore (APP) Orioles batting - Pitching for Pulaski Yankees : LHP Jessie Neal
Batting: RHB Roberto Sotelo 0-0: Foul Ball, location: 2F
0-1: SINGLE (Groundball, 34D, EV 95.0 MPH)
Batting: RHB Ben Sutton 0-0: Called Strike
0-1: Foul Ball, location: 2F
0-2: Foul Ball, location: 2F
0-2: Ball
1-2: TRIPLE (Line Drive, 7D, EV 108.8 MPH)
Roberto Sotelo scores
Batting: RHB Mike Zepeda 0-0: Ball
1-0: Ball
2-0: Ball
3-0: Called Strike
3-1: Base on Balls
Batting: RHB Daniel Jackson 0-0: Fielders Choice at 2nd, 4-6 (Groundball, 34, EV 80.0 MPH)
Ben Sutton scores
Batting: RHB Danny Baeza 0-0: Ball
1-0: Ball
2-0: Called Strike
2-1: Ball
3-1: Base on Balls
Daniel Jackson to second
Batting: RHB Matt O'Dea 0-0: Ball
1-0: Swinging Strike
1-1: Fielders Choice at 2nd, 5-4 (Groundball, 56, EV 83.8 MPH)
Daniel Jackson to third
Batting: RHB Honório Szenes 0-0: Reached via error on a dropped throw from 2B, E3 (Groundball, 4M, EV 100.6 MPH)
Daniel Jackson scores
Matt O'Dea to second
Batting: LHB Ralph Braine 0-0: Ground out 4-3 (Groundball, 4, EV 103.1 MPH)
Top of the 6th over - 3 runs, 2 hits, 1 error, 2 left on base; Baltimore (APP) 32 - Pulaski 6
BOTTOM OF THE 6TH
Pulaski Yankees batting - Pitching for Baltimore (APP) Orioles : RHP Frank Caillouet
Pitching: RHP Tim Bemish
Batting: RHB Ben Jennings 0-0: Ball
1-0: Ball
2-0: Called Strike
2-1: Foul Ball, location: 2F
2-2: Strikes out swinging
Batting: RHB Matt Bindel 0-0: Fly out, F9 (Line Drive, 9, EV 85.0 MPH)
Batting: SHB Houston Phillips 0-0: Fly out, F9 (Line Drive, 9D, EV 90.6 MPH)
Bottom of the 6th over - 0 runs, 0 hits, 0 errors, 0 left on base; Baltimore (APP) 32 - Pulaski 6
TOP OF THE 7TH
Baltimore (APP) Orioles batting - Pitching for Pulaski Yankees : LHP Jessie Neal
Batting: RHB Matt Berrier 0-0: Foul Ball, location: 2F
0-1: SINGLE (Line Drive, 7LM, EV 106.9 MPH)
Batting: RHB Roberto Sotelo 0-0: SINGLE (Groundball, 4M, EV 103.1 MPH) (infield hit)
Matt Berrier to second
Batting: RHB Ben Sutton 0-0: SINGLE (Groundball, 6M, EV 83.8 MPH) (infield hit)
Matt Berrier to third
Roberto Sotelo to second
Batting: RHB Mike Zepeda 0-0: Ball
1-0: Foul Ball, location: 2F
1-1: Fly out, F7 (Flyball, 7, EV 89.4 MPH)
Runner from 3rd tags up, SCORES, no throw by LF
Batting: RHB Daniel Jackson 0-0: DOUBLE (Flyball, 89D, EV 93.1 MPH)
Roberto Sotelo scores
Ben Sutton to third
Pinch Hitting: RHB Bobby White 0-0: Ground out 5-3 (Groundball, 25, EV 83.1 MPH)
Batting: RHB Matt O'Dea 0-0: Swinging Strike
0-1: Ball
1-1: Ball
2-1: Ball
Wild Pitch!
Ben Sutton scores
Daniel Jackson to third
3-1: Foul Ball, location: 2F
3-2: Base on Balls
Batting: RHB Honório Szenes 0-0: Ball
1-0: DOUBLE (Groundball, 5L, EV 106.9 MPH)
Daniel Jackson scores
Matt O'Dea to third
Runner from 3rd tries for Home, SAFE, throw by LF to home
Batting: LHB Ralph Braine 0-0: Ball
1-0: Called Strike
1-1: Ground out 4-3 (Groundball, 4, EV 81.9 MPH)
Top of the 7th over - 5 runs, 5 hits, 0 errors, 1 left on base; Baltimore (APP) 37 - Pulaski 6
BOTTOM OF THE 7TH
Pulaski Yankees batting - Pitching for Baltimore (APP) Orioles : RHP Tim Bemish
Now at 1B: Bobby White
Batting: SHB Bret Davies 0-0: Ball
1-0: Ball
2-0: Ball
3-0: Base on Balls
Batting: SHB David Stewart 0-0: Foul Ball, location: 2F
0-1: Ball
1-1: Called Strike
1-2: Ball
2-2: Strikes out looking
Batting: LHB Jeremiah Walker 0-0: Called Strike
0-1: Fly out, F9 (Flyball, 9LM, EV 94.4 MPH)
Batting: SHB Ryan Buchbinder 0-0: Ball
1-0: Called Strike
1-1: Ball
2-1: Called Strike
2-2: Ball
3-2: Foul Ball, location: 2F
3-2: Strikes out swinging
Bottom of the 7th over - 0 runs, 0 hits, 0 errors, 1 left on base; Baltimore (APP) 37 - Pulaski 6
TOP OF THE 8TH
Baltimore (APP) Orioles batting - Pitching for Pulaski Yankees : LHP Jessie Neal
Batting: RHB Matt Berrier 0-0: Ball
1-0: Ball
2-0: Ball
3-0: Base on Balls
Batting: RHB Roberto Sotelo 0-0: Ball
Passed Ball!
Matt Berrier to second
1-0: Ball
2-0: Ball
3-0: Base on Balls
Batting: RHB Ben Sutton 0-0: Swinging Strike
0-1: Reached on error, E5 (Groundball, 5S, EV 84.4 MPH)
Matt Berrier to third
Roberto Sotelo to second
Batting: RHB Mike Zepeda 0-0: Called Strike
0-1: Ball
1-1: Ball
2-1: Ball
3-1: Base on Balls
Matt Berrier scores
Roberto Sotelo to third
Ben Sutton to second
Batting: RHB Daniel Jackson 0-0: Grounds into double play, 4-6-3 (Groundball, 4MD, EV 80.0 MPH)
Roberto Sotelo scores
Ben Sutton to third
Batting: RHB Bobby White 0-0: Ball
1-0: Ball
2-0: Ball
3-0: Foul Ball, location: 2F
3-1: Base on Balls
Batting: RHB Matt O'Dea 0-0: Ball
1-0: Foul Ball, location: 2F
Pickoff Throw to First - Out! 1-3
Top of the 8th over - 2 runs, 0 hits, 1 error, 1 left on base; Baltimore (APP) 39 - Pulaski 6
BOTTOM OF THE 8TH
Pulaski Yankees batting - Pitching for Baltimore (APP) Orioles : RHP Tim Bemish
Batting: RHB Nazeeh Zubair 0-0: Called Strike
0-1: Ball
1-1: Ball
2-1: Fly out, F4 (Popup, 4, EV 63.1 MPH)
Pitching: LHP Roger Farley
Batting: RHB Larry Martell 0-0: Ball
1-0: Swinging Strike
1-1: Reached on error, E4 (Popup, 4S, EV 72.5 MPH)
Batting: RHB Ben Jennings 0-0: Fly out, F4 (Popup, 23, EV 85.6 MPH)
Batting: RHB Matt Bindel 0-0: Ball
1-0: Ball
2-0: Swinging Strike
2-1: Foul Ball, location: 2F
2-2: Strikes out swinging
Bottom of the 8th over - 0 runs, 0 hits, 1 error, 1 left on base; Baltimore (APP) 39 - Pulaski 6
TOP OF THE 9TH
Baltimore (APP) Orioles batting - Pitching for Pulaski Yankees : LHP Jessie Neal
Batting: RHB Matt O'Dea 0-0: Fly out, F8 (Flyball, 8RXD, EV 90.0 MPH)
Batting: RHB Honório Szenes 0-0: Fly out, F9 (Flyball, 9S, EV 88.8 MPH)
Batting: LHB Ralph Braine 0-0: Foul Ball, location: 2F
0-1: Ball
1-1: Ball
2-1: Ball
3-1: Base on Balls
Batting: RHB Matt Berrier 0-0: Foul Ball, location: 2F
0-1: Ball
1-1: Fielders Choice at 2nd, 6-4 (Groundball, 6, EV 81.2 MPH)
Top of the 9th over - 0 runs, 0 hits, 0 errors, 1 left on base; Baltimore (APP) 39 - Pulaski 6
BOTTOM OF THE 9TH
Pulaski Yankees batting - Pitching for Baltimore (APP) Orioles : LHP Roger Farley
Batting: SHB Houston Phillips 0-0: Fly out, F8 (Line Drive, 8LM, EV 106.2 MPH)
Batting: SHB Bret Davies 0-0: Called Strike
0-1: Ball
1-1: Swinging Strike
1-2: Ground out 5-3 (Groundball, 56, EV 86.9 MPH)
Batting: SHB David Stewart 0-0: Ball
1-0: Foul Ball, location: 2F
1-1: Foul Ball, location: 2F
1-2: Fly out, F8 (Line Drive, 8RD, EV 90.6 MPH)
Bottom of the 9th over - 0 runs, 0 hits, 0 errors, 0 left on base; Baltimore (APP) 39 - Pulaski 6
Wednesday, June 22nd , 2022 - OOTP Baseball 23.4 Build 64